 Dungeon Crawl Stone Soup version 0.19-a0-713-g934ebc7 (webtiles) character file.

12265 nubinia the Nimble (level 11, 0/84 HPs)
             Began as a Merfolk Ice Elementalist on June 19, 2016.
             Was a Believer of Hepliaklqana.
             Killed by divine providence
             ... invoked by an orc priest
              (11 damage)
             ... on level 10 of the Dungeon on June 20, 2016.
             The game lasted 01:53:50 (18249 turns).

nubinia the Nimble (Merfolk Ice Elementalist)      Turns: 18249, Time: 01:53:51

Health: 0/84       AC:  8    Str:  8    XL:     11   Next: 90%
Magic:  22/22      EV: 18    Int: 18    God:    Hepliaklqana [**....]
Gold:   482        SH:  0    Dex: 17    Spells: 8 memorised, 6 levels left

rFire  . . .     SeeInvis .     W - +1 trident (vamp)
rCold  . . .     Gourm    .     d - +2 robe
rNeg   . . .     Faith    .     (no shield)
rPois  +         Spirit   .     R - +0 helmet
rElec  .         Dismiss  .     o - +2 cloak {rPois}
rCorr  .         Reflect  .     (no gloves)
SustAt .         Harm     .     (no boots)
MR     .....                    g - amulet of rage
Stlth  ++++......               z - ring of stealth
                                n - +2 ring of dexterity

@: drained, not resistant to hostile enchantments, stealthy
A: change form in water, swift swim, robust 1
a: Recall Ancestor, Ancestor Identity, Renounce Religion, Evoke Berserk Rage


You were on level 10 of the Dungeon.
You worshipped Hepliaklqana.
Hepliaklqana was pleased with you.
You were not hungry.

You visited 2 branches of the dungeon, and saw 11 of its levels.

You collected 482 gold pieces.

Inventory:

Hand Weapons
 a - a +0 spear of flaming
 B - a +0 blowgun
 K - a +0 trident of freezing
 W - a +1 vampiric trident (weapon)
Missiles
 y - 200 stones (quivered)
 H - 5 curare-tipped needles
 M - 71 sling bullets
 P - 39 poisoned needles
Armour
 d - a +2 robe (worn)
 l - a +1 robe of magic resistance
 o - a +2 cloak of poison resistance (worn)
 R - a +0 helmet (worn)
Jewellery
 g - an amulet of rage (around neck)
 m - an uncursed ring of flight
 n - a +2 ring of dexterity (left hand)
 p - an uncursed amulet of harm
 z - a ring of stealth (right hand)
 A - an uncursed ring of protection from cold
Wands
 E - a wand of lightning (3/15)
 G - a wand of teleportation (4/9)
 J - a wand of flame (36/48)
 L - a wand of acid (0/15)
 Y - a wand of lightning (5/15)
 Z - a wand of iceblast (6/15)
Scrolls
 e - 3 scrolls of magic mapping
 i - 3 scrolls of amnesia
 q - 5 scrolls of remove curse
 r - 2 scrolls of blinking
 D - a scroll of fog
Potions
 b - a potion of lignification
 f - 2 potions of berserk rage
 j - 2 potions of agility
 k - a potion of might
 v - a potion of haste
 x - a potion of heal wounds
 C - 3 potions of flight
 F - 2 potions of magic
 I - a potion of brilliance
 N - 4 potions of invisibility
 O - 2 potions of curing
 S - a potion of cure mutation
Books
 s - a book of Frost

   Spells                             Type                      Level
   a - Freeze                         Ice                          1
   b - Throw Frost                    Conjuration/Ice              2
   c - Ozocubu's Armour               Charms/Ice                   3
   d - Throw Icicle                   Conjuration/Ice              4
   e - Summon Ice Beast               Ice/Summoning                4
 w - a book of Callings

   Spells                             Type                      Level
   a - Summon Small Mammal            Summoning                    1
   b - Call Imp                       Summoning                    2
   c - Call Canine Familiar           Summoning                    3
   d - Summon Guardian Golem          Hexes/Summoning              3
   e - Summon Lightning Spire         Summoning/Air                4
   f - Summon Ice Beast               Ice/Summoning                4
Comestibles
 c - 7 bread rations
 h - 3 beef jerkies
 t - 8 fruits
 U - 8 slices of pizza
 X - a meat ration


   Skills:
 + Level 4.1(3.0) Fighting
 + Level 7.7(6.4) Polearms
   Level 0.5(0.0) Slings
 + Level 0.4(0.0) Throwing
 + Level 9.3(8.0) Dodging
 + Level 6.5(5.2) Stealth
 + Level 7.9(6.7) Spellcasting
 + Level 2.0(0.9) Conjurations
 + Level 6.2(5.0) Charms
 + Level 7.5(6.3) Summonings
 + Level 9.2(7.9) Ice Magic
 + Level 0.6(0.0) Evocations


You had 6 spell levels left.
You knew the following spells:

 Your Spells              Type           Power        Failure   Level  Hunger
a - Freeze                Ice            ####         1%          1    None
b - Throw Frost           Conj/Ice       ###...       2%          2    None
c - Call Canine Familiar  Summ           ####....     2%          3    ##.....
d - Summon Small Mammal   Summ           ####         1%          1    None
e - Summon Ice Beast      Ice/Summ       ####....     8%          4    ####...
f - Call Imp              Summ           ####....     1%          2    None
g - Summon Guardian Gole  Hex/Summ       ###.....     12%         3    ##.....
o - Ozocubu's Armour      Chrm/Ice       ####....     2%          3    ##.....


Dungeon Overview and Level Annotations

Branches:
Dungeon (10/15)            Temple (1/1) D:5            Lair (0/6) D:10
    Orc: D:9-12

Altars:
Ashenzari
Cheibriados
Dithmenos
Fedhas
Gozag
Hepliaklqana
Makhleb
Nemelex Xobeh
Okawaru
Pakellas
Ru
Uskayaw
Vehumet
Yredelemnul
Zin
Beogh

Annotations:
D:3 Sigmund


Innate Abilities, Weirdness & Mutations

You revert to your normal form in water.
You are very nimble and swift while swimming.
You are robust. (+10% HP)


Message History

* * * LOW HITPOINT WARNING * * *
Your surroundings suddenly seem different.
Found a helmet.
An orc comes into view. It is wielding a morningstar.
An orc warrior comes into view. It is wielding a flail.
Your icy armour starts to melt.
The orc warrior shouts!
Aylmer has departed this plane of existence.
Found a stone staircase leading down.
Your icy armour evaporates.
The two-headed ogre shouts in stereo!
Found 17 arrows.
The orc priest calls down the wrath of Beogh upon you.
Beogh smites you!
* * * LOW HITPOINT WARNING * * *
Found a slice of pizza.
A necrophage comes into view.
The orc priest invokes the aid of Beogh against you.
Beogh smites you!
You die...

#.#....# #......# #.
#########>#....##..
.......#..#.......##
.......#.##.....#..#
...................#
.......##...#####..#
#...O.##...## ###.#
......#..### ##.@.#
.....#...# ##..###
...o.o..### #..##
#.........###.##
...#....#.#...####
...###....o.....%.#
..............#...#
....#...........###
..♣...##.....(###


You could see an orc priest.

Vanquished Creatures
  Pikel (D:5)
  Maurice (D:8)
  Psyche (D:8)
  A centaur skeleton (D:10)
  Grinder (D:5)
  A human (D:7)
  8 yaks
  Grum (D:8)
  2 porcupines
  5 orc warriors
  2 ice beasts
  A slave (D:5)
  2 necrophages
  A phantom (D:10)
  3 ogres
  2 wolves (D:8)
  3 centaurs
  A crocodile (D:10)
  A big kobold (D:6)
  A gnoll sergeant (D:5)
  3 giant frogs
  3 scorpions
  3 killer bees
  3 wights
  2 howler monkeys
  4 crimson imps
  A jelly (D:8)
  3 orc priests
  4 hounds
  2 giant frog skeletons
  Crazy Yiuf (D:2)
  5 orc wizards
  Jessica (D:2)
  Ijyb (D:2)
  2 iguanas
  8 worker ants
  3 sheep (D:7)
  2 hound skeletons
  5 gnolls
  11 adders
  A river rat (D:10)
  2 shadow imps
  An ooze (D:5)
  2 adder skeletons
  2 dart slugs (D:1)
  8 giant geckos
  38 orcs
  5 giant cockroaches
  4 goblins
  6 hobgoblins
  19 jackals
  3 quokkas
  7 bats
  A giant cockroach zombie (D:5)
  5 giant newts
  A jackal zombie (D:5)
  21 kobolds
  6 rats
238 creatures vanquished.

Vanquished Creatures (collateral kills)
  Erolcha (D:8)
  A centaur skeleton (D:10)
  5 trolls
  Prince Ribbit (D:8)
  2 hippogriffs
  16 yaks
  Menkaure (D:5)
  A water moccasin (D:9)
  A porcupine (D:10)
  An orc warrior (D:9)
  2 ice beasts
  A slave (D:5)
  A black bear (D:9)
  A phantom (D:5)
  A necrophage (D:5)
  An eye of draining (D:10)
  3 ogres (D:10)
  2 wolves (D:8)
  2 centaurs (D:9)
  A big kobold (D:9)
  2 giant frogs
  A scorpion (D:9)
  4 killer bees
  A wight (D:10)
  A howler monkey (D:10)
  A quasit (D:10)
  5 hounds
  3 orc priests
  A giant frog skeleton (D:8)
  An iron imp (D:8)
  An iguana (D:6)
  6 orc wizards
  A statue (D:8)
  4 worker ants
  A howler monkey zombie (D:7)
  4 gnolls
  An adder (D:7)
  2 river rats (D:10)
  A shadow imp (D:6)
  13 orcs
  A giant cockroach (D:6)
  5 jackals
  6 kobolds
  A rat (D:10)
  A fungus (D:10)
  A plant (D:6)
114 creatures vanquished.

Vanquished Creatures (others)
  2 slaves (D:5)
  An ogre (D:10)
  A jelly (D:5)
  A howler monkey (D:5)
  A centaur skeleton (D:5)
  8 hexers
  14 ancestors
  8 plants (D:10)
36 creatures vanquished.

Grand Total: 388 creatures vanquished

Notes
Turn   | Place    | Note
--------------------------------------------------------------
     0 | D:1      | nubinia the Merfolk Ice Elementalist began the quest for the Orb.
     0 | D:1      | Reached XP level 1. HP: 13/13 MP: 3/3
   180 | D:1      | Reached XP level 2. HP: 13/19 MP: 0/5
   276 | D:1      | Learned a level 2 spell: Throw Frost
   527 | D:1      | Reached XP level 3. HP: 21/24 MP: 2/6
   532 | D:1      | Learned a level 3 spell: Ozocubu's Armour
  1097 | D:2      | Noticed Jessica
  1138 | D:2      | Killed Jessica
  1138 | D:2      | Reached XP level 4. HP: 25/30 MP: 5/8
  1998 | D:2      | Noticed Ijyb
  2161 | D:2      | Killed Ijyb
  2161 | D:2      | Reached skill level 1 in Charms
  2523 | D:3      | Reached XP level 5. HP: 35/35 MP: 6/9
  2633 | D:3      | Reached skill level 1 in Polearms
  2656 | D:3      | Found a hide-covered altar of Uskayaw.
  2773 | D:3      | Found a faded altar of an unknown god.
  2948 | D:3      | Found an opulent altar of Gozag.
  2973 | D:3      | Noticed Sigmund
  3504 | D:3      | Found a glowing silver altar of Zin.
  3540 | D:4      | Reached skill level 1 in Conjurations
  3540 | D:4      | Reached XP level 6. HP: 36/41 MP: 7/11
  4009 | D:4      | Learned a level 1 spell: Summon Small Mammal
  4027 | D:4      | Got a brightly glowing whip
  4028 | D:4      | Identified the +0 whip "Hinliuxt" {holy, rElec rF+ Dex+3} (You found it on level 4 of the Dungeon)
  4369 | D:2      | Noticed Crazy Yiuf
  4375 | D:2      | Killed Crazy Yiuf
  4693 | D:4      | Noticed an ice beast
  5573 | D:5      | Entered Level 5 of the Dungeon
  5663 | D:5      | Noticed an ice beast
  5700 | D:5      | Reached XP level 7. HP: 43/47 MP: 12/12
  5778 | D:5      | Found a staircase to the Ecumenical Temple.
  5784 | Temple   | Entered the Ecumenical Temple
  5822 | Temple   | Became a worshipper of Hepliaklqana
  5898 | D:5      | Reached skill level 1 in Fighting
  5988 | D:5      | Reached skill level 1 in Summonings
  6231 | D:5      | Noticed Menkaure
  6372 | D:5      | Killed Menkaure
  6372 | D:5      | Reached skill level 5 in Ice Magic
  6448 | D:5      | Reached XP level 8. HP: 54/54 MP: 6/14
  6889 | D:5      | Reached skill level 5 in Dodging
  7199 | D:5      | Noticed Pikel
  7410 | D:5      | Killed Pikel
  7995 | D:5      | Found a runed door.
  8003 | D:5      | Noticed Grinder
  8019 | D:5      | Killed Grinder
  8019 | D:5      | Reached XP level 9. HP: 7/61 MP: 16/16
  8031 | D:5      | Reached skill level 5 in Spellcasting
  8844 | D:6      | Reached skill level 5 in Charms
  9213 | D:6      | Reached * piety under Hepliaklqana
 11104 | D:5      | Found a roughly hewn altar of Beogh.
 11360 | D:5      | Learned a level 3 spell: Call Canine Familiar
 11365 | D:5      | Learned a level 4 spell: Summon Ice Beast
 11457 | D:7      | Found an iron altar of Okawaru.
 11491 | D:7      | Found a blossoming altar of Fedhas.
 11492 | D:7      | Found a shattered altar of Ashenzari.
 11496 | D:7      | Found a burning altar of Makhleb.
 11571 | D:7      | Reached skill level 5 in Polearms
 11775 | D:7      | Reached XP level 10. HP: 14/68 MP: 18/18
 12125 | D:7      | Reached skill level 5 in Summonings
 12387 | D:7      | Found an oddly glowing altar of Pakellas.
 12414 | D:7      | Found a hazy altar of Hepliaklqana.
 12448 | D:7      | Gained mutation: Your muscles are strong. (Str +2) [potion of mutation]
 12448 | D:7      | Lost mutation: Your muscles are strong. (Str +2) [potion of mutation]
 12448 | D:7      | Gained mutation: You are robust. (+10% HP) [potion of mutation]
 12533 | D:7      | Upgraded the game from 0.19-a0-706-g03de5d9 to 0.19-a0-713-g934ebc7
 12856 | D:8      | Noticed Grum
 12886 | D:8      | Killed Grum
 13496 | D:8      | Learned a level 2 spell: Call Imp
 13535 | D:8      | Noticed Prince Ribbit
 13578 | D:8      | Killed Prince Ribbit
 13757 | D:8      | Found a sacrificial altar of Ru.
 13767 | D:8      | Noticed Maurice
 13876 | D:8      | Found a radiant altar of Vehumet.
 13886 | D:8      | Reached ** piety under Hepliaklqana
 13887 | D:8      | Remembered your ancestor Aylmer as a hexer
 14268 | D:8      | Killed Maurice
 14289 | D:8      | Noticed Erolcha
 14300 | D:8      | Killed Erolcha
 14594 | D:8      | Learned a level 3 spell: Summon Guardian Golem
 14641 | D:8      | Found a snail-covered altar of Cheibriados.
 14978 | D:9      | Noticed Psyche
 15159 | D:8      | Reached skill level 5 in Stealth
 15466 | D:9      | Reached XP level 11. HP: 82/82 MP: 17/21
 15727 | D:9      | Found a sparkling altar of Nemelex Xobeh.
 16048 | D:9      | Found a shattered altar of Ashenzari.
 16348 | D:8      | Killed Psyche
 16721 | D:10     | Entered Level 10 of the Dungeon
 16732 | D:10     | Found a staircase to the Lair.
 18249 | D:10     | Killed from afar by an orc priest

Vault maps used:
D:1:      onia_arrival_mini_spirals
D:2:      first_bread, uniq_jessica, uniq_iyjb, uniq_crazy_yiuf_cottage
D:3:      lemuel_coloured_pillars_altar, eat_drink_and_be_merry_uskayaw,
          ecumenical_altar_2, grunt_gozag_statues, uniq_sigmund
D:4:      minmay_stone_trees_small
D:5:      minmay_temple_entry_hall, lightli_church_of_beogh, uniq_menkaure,
          uniq_grinder, uniq_pikel
D:6:      kennysheep_kobold_camp
D:7:      nicolae_overflow_hidden_temple, kennysheep_mini, basic_altar,
          grunt_livestock, okawaru_trees_2
D:8:      wad_crossroads, kennysheep_little_box, vehumet_statue, slow_altar_2,
          uniq_grum, uniq_maurice, uniq_prince_ribbit1, uniq_erolcha
D:9:      old_standard_altar, evilmike_ruin_ashenzari, uniq_psyche
D:10:     minmay_lair_entry_grove, david_orc_4, kennysheep_kite_vault
Temple:   dpeg_five_rooms_temple_12

Skill      XL: |  1  2  3  4  5  6  7  8  9 10 11 |
---------------+----------------------------------+-----
Dodging        | 3 4 6 7 8 9 |  9.3
Spellcasting   | 3 4 5 6 7 |  7.9
Ice Magic      | 4 5 6 8 9 |  9.2
Charms         | 1 2 3 4 5 6 |  6.2
Polearms       | 1 2 3 4 5 7 |  7.7
Conjurations   | 1 2 |  2.0
Stealth        | 3 4 5 6 |  6.5
Fighting       | 1 2 3 4 |  4.1
Summonings     | 2 3 4 6 7 |  7.5
Slings         | |  0.5
Throwing       | |  0.4
Evocations     | |  0.6

Action                   |  1- 3 |  4- 6 |  7- 9 | 10-12 || total
-------------------------+-------+-------+-------+-------++-------
Melee: Unarmed           |    19 |       |       |       ||    19
       Spear             |       |   187 |   341 |   139 ||   667
       Trident           |       |       |       |   381 ||   381
 Fire: Hunting sling     |       |     2 |     6 |     1 ||     9
       Blowgun           |       |       |    13 |     3 ||    16
 Cast: Freeze            |    35 |    47 |    49 |    22 ||   153
       Ozocubu's Armour  |     1 |     2 |    23 |    39 ||    65
       Throw Frost       |       |    22 |    24 |     4 ||    50
       Summon Small Mamm |       |       |     4 |       ||     4
       Call Canine Famil |       |       |       |    42 ||    42
       Summon Ice Beast  |       |       |       |    42 ||    42
       Call Imp          |       |       |       |     5 ||     5
       Summon Guardian G |       |       |       |     4 ||     4
Invok: Recall Ancestor   |       |       |     3 |     4 ||     7
       Ancestor Life: He |       |       |       |     1 ||     1
Evoke: Wand              |       |       |     2 |     4 ||     6
  Use: Scroll            |       |    12 |     6 |     9 ||    27
       Potion            |       |       |     4 |     1 ||     5
 Stab: Sleeping          |       |     9 |     4 |    13 ||    26
       Distracted        |       |       |     2 |    15 ||    17
       Confused          |       |       |       |    12 ||    12
  Eat: Chunk             |     1 |    16 |    19 |    27 ||    63
       Pizza             |       |       |     1 |       ||     1
       Meat ration       |       |       |       |     1 ||     1
       Fruit             |       |       |       |     1 ||     1
       Royal jelly       |       |       |       |     1 ||     1
Armor: Robe              |    20 |    33 |    39 |    99 ||   191
Dodge: Dodged            |    67 |   128 |   177 |   322 ||   694
